 Dungeon Crawl Stone Soup version 0.30.0-10-gfe55d96785 (webtiles) character file.

Game seed: 14199731470401796473

1451 qw the Cleaver (level 8, -4/52 HPs)
             Began as a Gargoyle Fighter on May 13, 2023.
             Collided with a killer bee (5 damage)
             ... caused by Erica
             ... on level 8 of the Dungeon.
             The game lasted 00:14:43 (5084 turns).

qw the Cleaver (Gargoyle Fighter)                   Turns: 5084, Time: 00:14:43

Health: -4/52      AC: 18    Str: 23    XL:     8   Next: 75%
Magic:  8/8        EV:  6    Int:  8    God:
Gold:   312        SH: 11    Dex:  9    Spells: 7/7 levels left

rFire   . . .        Y - +1 war axe
rCold   . . .        o - +0 tower shield
rNeg    + . .        l - +0 chain mail
rPois   inf          n - +0 helmet
rElec   +            (no cloak)
rCorr   .            (no gloves)
SInv    .            i - +1 pair of boots
Will    .....        h - amulet of the acrobat Stlth
                     (no ring)
HPRegen 0.28/turn    (no ring)
MPRegen 0.11/turn

%: acrobat
@: no status effects
A: sickness immunity, AC +5, negative energy resistance 1, electricity
resistance, torment resistance 1, petrification resistance
a: no special abilities


You were on level 8 of the Dungeon.
You visited 1 branch of the dungeon, and saw 8 of its levels.
You also visited: Sewer.

You collected 312 gold pieces.


Innate Abilities, Weirdness & Mutations

You are immune to sickness and miasma.
Your stone body is resilient. (AC +5)
You are immune to poison.
You resist negative energy. (rN+)
You are resistant to electric shocks. (rElec)
You are resistant to unholy torment.
You are immune to petrification.


   Skills:
 - Level 6.3 Fighting
 - Level 8.0 Axes
 - Level 1.0 Throwing
 - Level 4.1 Armour
 - Level 1.0 Dodging
 + Level 3.7 Shields


You had 7 spell levels left.
You didn't know any spells.
Your spell library was empty.

Inventory:

Hand Weapons
 j - a +0 flail
 Y - a +1 war axe (weapon)
Missiles
 k - a boomerang (quivered)
Armour
 i - a +1 pair of boots (worn)
 l - a +0 chain mail (worn)
 n - a +0 helmet (worn)
 o - a +0 tower shield (worn)
Jewellery
 a - a ring of ice
 h - an amulet of the acrobat (around neck)
Scrolls
 e - 3 scrolls of identify
 p - a scroll of teleportation
Potions
 b - a potion of haste
 d - 5 potions of might
 f - 2 potions of curing
 g - 3 potions of cancellation
 m - a potion of mutation
 q - a potion of resistance
 r - a potion of heal wounds

Dungeon Overview and Level Annotations

Branches:
Dungeon (9/15)              Sewer (visited)
 Temple: D:4-7         Lair: D:8-11         Orc: D:9-12

Altars:
Cheibriados
Gozag

Annotations:
D:8 Erica


Message History

The killer bee barely misses you.
You closely miss something. You slash the killer bee!
You hit the killer bee but do no damage.
You barely miss the killer bee. x2
The killer bee stings you but does no damage. x2
You block the killer bee's attack.
The killer bee stings you but does no damage.
The killer bee stings you. You block something's attack.
The killer bee stings you but does no damage. x3
Something hits you but does no damage. You block the killer bee's attack.
The killer bee stings you. x2
The killer bee stings you but does no damage.
You closely miss something. You hit the killer bee.
You closely miss the killer bee. x2; You slash the killer bee!
You kill the killer bee!
You block the killer bee's attack.
The killer bee stings you but does no damage. x2
The killer bee closely misses you. The killer bee stings you.
The killer bee stings you! Something hits you but does no damage.
You barely miss something. You closely miss the killer bee.
You barely miss the killer bee. You miss the killer bee.
The killer bee stings you. You block the killer bee's attack. x2
The killer bee stings you but does no damage. x3
Something hits you. Something burns you.
The killer bee stings you but does no damage.
You block the killer bee's attack.
The killer bee stings you but does no damage.
You hit something but do no damage.
You hit the killer bee but do no damage.
You slash the killer bee! You hit the killer bee.
You block the killer bee's attack.
The killer bee stings you but does no damage.
The killer bee barely misses you. You block the killer bee's attack.
You hear some strange, mumbled words.
A lance of force appears from out of thin air!
The lance of force hits you!!
You are knocked back by the lance of force.
You collide with the killer bee!
The killer bee dies!
You die...

.. ... ...
...####.# ..
...#..#.##.###.
...............
...............
..............8
......%y...)...
....?.y@......8
.......%{......
......?.....##.
!..........##
...........#
...........#
..........##
..........#


You could see 2 killer bees.

Vanquished Creatures
  Sigmund (D:3)
  A steam dragon (D:6)
  A water moccasin (D:6)
  Pargi (Sewer)
  An ice beast (D:5)
  A centaur (D:5)
  A kobold brigand (D:4)
  A bullfrog (D:6)
  A scorpion (D:6)
  A killer bee (D:8)
  A jelly (D:5)
  A gnoll bouda (D:5)
  4 iguanas (D:5)
  2 orc wizards (D:5)
  Terence (D:3)
  8 gnolls
  7 adders
  A river rat (D:5)
  A shadow imp (D:6)
  4 white imps
  An ufetubus (D:5)
  A worm (D:5)
  4 dart slugs
  19 orcs
  9 ball pythons
  4 bats
  5 endoplasms
  4 giant cockroaches
  4 goblins
  7 hobgoblins
  2 quokkas (D:2)
  7 frilled lizards
  22 kobolds
  7 rats
136 creatures vanquished.

Vanquished Creatures (others)
  A killer bee (D:8)
1 creature vanquished.

Grand Total: 137 creatures vanquished

Notes
Turn   | Place    | Note
-------+----------+-------------------------------------------
     0 | D:1      | qw the Gargoyle Fighter began the quest for the Orb.
     0 | D:1      | Reached XP level 1. HP: 14/14 MP: 1/1
     0 | D:1      | 0 ||| qw: Version: 0.2-a-92-gb77fa06
     0 | D:1      | 0 ||| qw: Game counter: 3
     0 | D:1      | 0 ||| qw: Always use a shield: true
     0 | D:1      | 0 ||| qw: God list: Okawaru
     0 | D:1      | 0 ||| qw: Allow faded altars: false
     0 | D:1      | 0 ||| qw: Do Orc after D:15 true
     0 | D:1      | 0 ||| qw: Do second Lair branch before Depths: true
     0 | D:1      | 0 ||| qw: Lair rune preference: random
     0 | D:1      | 0 ||| qw: Plans: Normal
     0 | D:1      | 0 ||| PLANNING D:1-11
    41 | D:1      | 41 ||| Stepping ~*~*~tactically~*~*~ (hiding).
    45 | D:1      | 45 ||| Stepping ~*~*~tactically~*~*~ (hiding).
    46 | D:1      | 46 ||| Stepping ~*~*~tactically~*~*~ (hiding).
    53 | D:1      | Reached skill level 2 in Axes
   174 | D:1      | Reached XP level 2. HP: 19/19 MP: 2/2
   350 | D:1      | 350 ||| DROPPING +0 club.
   511 | D:1      | Reached skill level 3 in Axes
   576 | D:1      | Reached XP level 3. HP: 23/23 MP: 3/3
   787 | D:1      | 787 ||| UPGRADING to +0 chain mail.
   797 | D:1      | 797 ||| DROPPING +0 scale mail.
   798 | D:1      | 798 ||| READING scroll labelled VUTONU CIASK.
   799 | D:1      | 799 ||| READING scroll labelled QUHAOM SAASTRI.
   800 | D:1      | 800 ||| READING 2 scrolls labelled ZOKHOU XEROF.
   801 | D:1      | 801 ||| READING scroll labelled MOOTEASHOX.
   802 | D:1      | 802 ||| READING scroll labelled QUSKUM PIEDGH.
   803 | D:1      | 803 ||| DROPPING scroll of noise.
   971 | D:2      | 971 ||| Stepping ~*~*~tactically~*~*~ (stealth).
  1051 | D:2      | 1051 ||| Stepping ~*~*~tactically~*~*~ (hiding).
  1061 | D:2      | Reached XP level 4. HP: 22/28 MP: 4/4
  1169 | D:2      | Reached skill level 4 in Axes
  1327 | D:2      | 1327 ||| READING scroll labelled JICSUC UKETWA IMI.
  1328 | D:2      | 1328 ||| READING scroll labelled YROP XATOARGHARRU.
  1342 | D:3      | 1342 ||| STAIRDANCE
  1472 | D:3      | Noticed Terence
  1484 | D:3      | Killed Terence
  1542 | D:3      | 1542 ||| DROPPING +0 mace.
  1604 | D:3      | Noticed Sigmund
  1627 | D:3      | HP: 4/28 [something (5)]
  1628 | D:3      | Killed Sigmund
  1629 | D:3      | Reached skill level 5 in Axes
  1629 | D:3      | Reached XP level 5. HP: 5/32 MP: 5/5
  1629 | D:3      | Reached XP level 6. HP: 6/37 MP: 6/6
  1796 | D:3      | 1796 ||| Stepping ~*~*~tactically~*~*~ (hiding).
  1797 | D:3      | 1797 ||| Stepping ~*~*~tactically~*~*~ (hiding).
  2083 | D:3      | 2083 ||| UPGRADING to +0 pair of boots.
  2088 | D:3      | 2088 ||| READING scroll labelled RUOGOA ZIBLANE.
  2093 | D:3      | 2093 ||| READING scroll labelled BERUOCL IPPOSTEOCU.
  2094 | D:3      | 2094 ||| READING scroll labelled TUZ GUCRUNIQA.
  2095 | D:3      | 2095 ||| DRINKING 3 sedimented amethyst potions.
  2096 | D:3      | 2096 ||| DRINKING 2 fizzy silvery potions.
  2097 | D:3      | 2097 ||| READING 3 scrolls of identify.
  2097 | D:3      | 2097 ||| IDENTIFYING purple potion
  2098 | D:3      | 2098 ||| READING 2 scrolls of identify.
  2098 | D:3      | 2098 ||| IDENTIFYING black potion
  2113 | D:4      | 2113 ||| STAIRDANCE
  2236 | D:4      | 2236 ||| READING scroll of enchant armour.
  2236 | D:4      | 2236 ||| ENCHANTING +0 pair of boots.
  2487 | D:4      | Identified the +5 dagger of Rotation {heavy, rCorr MP+9
                  | Str+5}
  2550 | D:4      | 2550 ||| Stepping ~*~*~tactically~*~*~ (stealth).
  2563 | D:4      | 2563 ||| Stepping ~*~*~tactically~*~*~ (stealth).
  2568 | D:4      | 2568 ||| Stepping ~*~*~tactically~*~*~ (stealth).
  2719 | D:4      | 2719 ||| Stepping ~*~*~tactically~*~*~ (hiding).
  3145 | D:4      | 3145 ||| UPGRADING to +0 helmet.
  3150 | D:4      | 3150 ||| READING 6 scrolls of identify.
  3150 | D:4      | 3150 ||| IDENTIFYING glowing golden potion
  3151 | D:4      | 3151 ||| DROPPING potion of magic.
  3209 | D:5      | Entered Level 5 of the Dungeon
  3210 | D:5      | 3210 ||| PLANNING SEWER
  3227 | D:5      | Reached skill level 6 in Axes
  3230 | D:5      | Reached XP level 7. HP: 27/44 MP: 7/7
  3246 | D:5      | Reached skill level 1 in Dodging
  3257 | D:5      | HP: 10/44 [gnoll/+0 whip[a gnoll bouda] (6)]
  3258 | D:5      | 3258 ||| DRINKING potion of heal wounds.
  3285 | D:5      | 3285 ||| Stepping ~*~*~tactically~*~*~ (stealth).
  3286 | D:5      | 3286 ||| Stepping ~*~*~tactically~*~*~ (stealth).
  3287 | D:5      | 3287 ||| Stepping ~*~*~tactically~*~*~ (stealth).
  3289 | D:5      | Identified the +1 robe of Spite {rPois Str+7 Archmagi}
  3441 | D:5      | 3441 ||| Stepping ~*~*~tactically~*~*~ (stealth).
  3445 | D:5      | Found a glowing drain.
  3451 | D:5      | 3451 ||| UPGRADING to amulet of the acrobat.
  3456 | D:5      | 3456 ||| READING 6 scrolls of identify.
  3456 | D:5      | 3456 ||| IDENTIFYING sedimented coppery potion
  3457 | D:5      | 3457 ||| DROPPING potion of ambrosia.
  3466 | Sewer    | Entered a sewer
  3547 | Sewer    | Noticed Pargi
  3580 | Sewer    | Killed Pargi
  3581 | Sewer    | Reached skill level 7 in Axes
  3605 | Sewer    | 3605 ||| Stepping ~*~*~tactically~*~*~ (water).
  3663 | Sewer    | 3663 ||| READING scroll labelled NOCORR BABU.
  3664 | Sewer    | 3664 ||| DRINKING 3 fuming silvery potions.
  3665 | Sewer    | 3665 ||| READING 5 scrolls of identify.
  3665 | Sewer    | 3665 ||| IDENTIFYING green potion
  3666 | Sewer    | 3666 ||| DROPPING 2 potions of invisibility.
  3684 | Sewer    | 3684 ||| PLANNING SEWER
  3699 | Sewer    | 3699 ||| UPGRADING to +0 buckler.
  3704 | Sewer    | 3704 ||| UPGRADING to +0 chain mail.
  3710 | Sewer    | 3710 ||| PLANNING SEWER
  3710 | Sewer    | 3710 ||| PLANNING SEWER
  3710 | Sewer    | 3710 ||| PLANNING SEWER
  3712 | Sewer    | 3712 ||| PLANNING SEWER
  3712 | Sewer    | 3712 ||| PLANNING SEWER
  3714 | D:5      | 3714 ||| PLANNING D:1-11
  3740 | D:5      | 3740 ||| PLANNING D:1-11
  3811 | D:5      | 3811 ||| Stepping ~*~*~tactically~*~*~ (hiding).
  3821 | D:5      | Reached XP level 8. HP: 49/49 MP: 8/8
  3865 | D:5      | Reached skill level 1 in Throwing
  4379 | D:5      | 4379 ||| READING 4 scrolls of identify.
  4379 | D:5      | 4379 ||| IDENTIFYING cyan potion
  4380 | D:5      | 4380 ||| READING 3 scrolls of identify.
  4380 | D:5      | 4380 ||| IDENTIFYING bubbling cyan potion
  4381 | D:5      | 4381 ||| READING 2 scrolls of identify.
  4381 | D:5      | 4381 ||| IDENTIFYING fizzy ruby potion
  4382 | D:5      | 4382 ||| DROPPING potion of attraction.
  4383 | D:5      | 4383 ||| DROPPING potion of flight.
  4438 | D:6      | Found a snail-covered altar of Cheibriados.
  4531 | D:6      | 4531 ||| Stepping ~*~*~tactically~*~*~ (cloud).
  4540 | D:6      | Reached skill level 8 in Axes
  4611 | D:6      | 4611 ||| Stepping ~*~*~tactically~*~*~ (hiding).
  4756 | D:6      | Found an opulent altar of Gozag.
  4850 | D:6      | 4850 ||| Stepping ~*~*~tactically~*~*~ (hiding).
  4971 | D:6      | Reached skill level 6 in Fighting
  5048 | D:6      | You fall into a shaft and drop 3 floors!
  5062 | D:9      | 5062 ||| UPGRADING to +0 tower shield.
  5072 | D:9      | 5072 ||| DROPPING +0 buckler.
  5073 | D:9      | 5073 ||| READING scroll labelled MAKEJEZETE.
  5078 | D:8      | Noticed Erica
  5084 | D:8      | HP: 1/52 [something/lance of force (19)]
  5084 | D:8      | Collided with a killer bee

Levels and vault maps discovered:
D:1:      elethiomel_arrival_infinity_welcomes_careful_drivers, layout_basic
D:2:      layout_rooms, minmay_tripent
D:3:      layout_rooms, uniq_terence, uniq_sigmund
D:4:      kennysheep_kobold_camp, layout_loops_ring, grunt_decor_one_mirror
D:5:      minmay_angry_zag, layout_gridville, portal_sewer_entry_b
D:6:      layout_cave_pools, chequers_temple_overflow_statue_of_worship
D:8:      layout_cave_pools, serial_column_ruins, column_ruins_open_medium,
          column_ruins_corridor_straight, column_ruins_open_tiny,
          column_ruins_open_tiny, column_ruins_open_large, column_ruins_grid_2,
          column_ruins_grid_1, serial_bayou_pond_e, minmay_misc_feat_nine_boxes,
          uniq_grum, uniq_erica
D:9:      layout_basic, serial_shops, nicolae_shop_tiny_real_fake_doors,
          nicolae_shop_getting_attention,
          nicolae_shop_temple_entry_statues_fountains, shop,
          nicolae_shop_just_a_little_nook, nicolae_take_the_stairs

Skill      XL: |  1  2  3  4  5  6  7  8 |
---------------+-------------------------+-----
Axes           | 2 3 5 6 7 8 |  8.0
Fighting       | 4 5 6 |  6.3
Dodging        | 1 |  1.0
Throwing       | 1 |  1.0
Armour         | 4 |  4.1
Shields        | |  3.7

Action                     |  1- 3 |  4- 6 |  7- 9 || total
---------------------------+-------+-------+-------++-------
  Melee: War axe           |    70 |   140 |   189 ||   399
  Throw: Boomerang         |       |    14 |    69 ||    83
    Use: Scroll            |     5 |     9 |     7 ||    21
         Potion            |       |     2 |     2 ||     4
 Armour: Scale mail        |     9 |       |       ||     9
         Chain mail        |    11 |    93 |   178 ||   282
  Dodge: Dodged            |    30 |    54 |    88 ||   172
  Block: Buckler           |     8 |    23 |    38 ||    69
         Tower shield      |       |       |    15 ||    15

Table legend:
 A = Non-vault XP
 B = Vault XP
 C = Vault XP percentage of total XP
 D = Non-vault monster count
 E = Vault monster count
 F = Vault count percentage of total count
                 A         B        C        D         E       F
            +---------+---------+-------+---------+---------+-------
      Total |    1413 |     715 |  33.6 |      98 |      39 |  28.5
            +---------+---------+-------+---------+---------+-------
        D:1 |      37 |       0 |   0.0 |      18 |       0 |   0.0
        D:2 |      60 |       5 |   7.7 |      15 |       2 |  11.8
        D:3 |      23 |     255 |  91.7 |      13 |       2 |  13.3
        D:4 |      30 |     131 |  81.4 |       8 |      21 |  72.4
        D:5 |     533 |     166 |  23.7 |      26 |       6 |  18.8
        D:6 |     612 |       0 |   0.0 |      16 |       0 |   0.0
        D:8 |     118 |       0 |   0.0 |       2 |       0 |   0.0
      Sewer |       0 |     158 | 100.0 |       0 |       8 | 100.0
            +---------+---------+-------+---------+---------+-------
